 Dungeon Crawl Stone Soup version 0.31.0-11-ge490571c62 (webtiles) character file.

Game seed: 3359570142632362246

7 SmokeWeed the Sneak (level 2, -3/17 HPs)
             Began as an Octopode Enchanter on Feb 3, 2024.
             Splashed by a jelly's acid (8 damage)
             ... on level 1 of the Dungeon.
             The game lasted 00:00:35 (32 turns).

SmokeWeed the Sneak (Octopode Enchanter)              Turns: 32, Time: 00:00:37

Health: -3/17      AC: -3    Str:  7    XL:     2   Next: 4%
Magic:  5/5        EV: 13    Int: 17    God:
Gold:   0          SH:  0    Dex: 12    Spells: 5/5 levels left

rFire   . . .        a - +1 dagger
rCold   . . .        (no shield)
rNeg    . . .        (helmet restricted)
rPois   .            (no amulet)
rElec   .            (no ring)
rCorr   .            (no ring)
SInv    .            (no ring)
Will    .....        (no ring)
Stlth   ++++         (no ring)
HPRegen 0.22/turn    (no ring)
MPRegen 0.09/turn    (no ring)
                     (no ring)

%: no passive effects
@: corroded
A: almost no armour, amphibious, 8 rings, camouflage 1, gelatinous body 1,
(nimble swimmer 1), tentacles
a: no special abilities


You were on level 1 of the Dungeon.
You visited 1 branch of the dungeon, and saw 1 of its levels.

Inventory:

Hand Weapons
 a - a +1 dagger (weapon)
Potions
 b - 2 potions of invisibility


   Skills:
 + Level 1.0 Short Blades
 + Level 2.0 Dodging
 * Level 4.3 Stealth
 + Level 2.0 Spellcasting
 + Level 3.3 Hexes


You had 5 spell levels left.
You didn't know any spells.
Your spell library contained the following spells:

 Spells                   Type           Power      Damage    Failure   Level
 Ensorcelled Hibernation  Hex/Ice        14%        N/A       16%         2
 Confusing Touch          Hex            12%        N/A       16%         3
 Tukima's Dance           Hex            12%        N/A       16%         3
 Dazzling Flash           Conj/Hex       14%        N/A       30%         3


Dungeon Overview and Level Annotations

Branches:
Dungeon (1/15)

Altars:


Innate Abilities, Weirdness & Mutations

You cannot wear most types of armour.
You are amphibious.
You can wear up to eight rings at the same time.
Your skin changes colour to match your surroundings (Stealth+).
Your rubbery body absorbs attacks. (AC +1, EV +1)
((You are camouflaged when in or above water. (Stealth+)))
You have tentacles for arms and can constrict up to eight enemies at once.


Message History

You hit the jackal but do no damage. You grab the jackal.
Your squeeze misses the jackal.
You constrict the jackal, but do no damage.
The jackal barely misses you. The jackal closely misses you.
The rat twitches its whiskers.
You hit the jackal. Your squeeze misses the jackal.
The jackal is moderately wounded.
You constrict the jackal.
The giant cockroach waves its antennae.
The jackal barely misses you.
The giant cockroach waves its antennae.
You hit the jackal but do no damage. You squeeze the jackal.
The jackal is severely wounded.
You constrict the jackal. The jackal barely misses you.
You hit the jackal but do no damage. You squeeze the jackal.
You kill the jackal!
The endoplasm jiggles.
You hit the giant cockroach. You grab the giant cockroach.
The giant cockroach is heavily wounded.
You constrict the giant cockroach, but do no damage.
The giant cockroach bites you.
You hit the giant cockroach.
You kill the giant cockroach!
You have reached level 2!
You hit the jelly.
Your tentacles burn!
You squeeze the jelly!
The jelly is heavily wounded.
The jelly barely misses you.
The rat twitches its whiskers.
You hit the jelly.
Your tentacles burn!
The jelly is severely wounded.
The giant cockroach waves its antennae.
The jelly completely misses you.
You hit the jelly. The acid corrodes you!
Your tentacles burn!
* * * LOW HITPOINT WARNING * * *
The jelly is almost dead.
The giant cockroach waves its antennae.
The jelly hits you.
* * * LOW HITPOINT WARNING * * *
You are splashed with acid!
You die... ############### #.............# .(..Jrw..... ..JJwBrB.

#######J#######
#......@......#
+⌠....###....⌠+
#......<......#
#..⌠...>...⌠..#
###+#######+###


You could see 2 ribbon worms, 2 jellies, 2 endoplasms, 2 giant cockroaches and 2
rats.

Vanquished Creatures
  2 giant cockroaches (D:1)
  3 jackals (D:1)
  A rat (D:1)
6 creatures vanquished.

Notes
Turn   | Place    | Note
-------+----------+-------------------------------------------
     0 | D:1      | SmokeWeed the Octopode Enchanter began the quest for the
                  | Orb.
     0 | D:1      | Reached XP level 1. HP: 11/11 MP: 3/3
     1 | D:1      | Found a runed translucent door.
     2 | D:1      | Noticed a jelly
     5 | D:1      | Noticed a jelly
    30 | D:1      | Reached XP level 2. HP: 12/17 MP: 5/5
    32 | D:1      | Splashed by a jelly's acid

Illustrated notes

Levels and vault maps discovered:
D:1:      dpeg_arrival_caged_fury, layout_loops_cross, minmay_tetromino_t4

Action                     || total
---------------------------++-------
  Melee: Dagger            ||    26
         Constrict         ||     6
         Tentacles         ||     5
 Armour: Skin              ||     8
  Dodge: Dodged            ||    16
